 Dungeon Crawl Stone Soup version 0.20.1-1-g8b1a95d (webtiles) character file.

85 Necronhym the Grave Robber (level 4, 0/33 HPs)
             Began as a Ghoul Necromancer on Sept 25, 2017.
             Slain by an orc
             ... wielding a +0 dagger
              (5 damage)
             ... on level 5 of the Dungeon.
             The game lasted 00:20:26 (1918 turns).

Necronhym the Grave Robber (Ghoul Necromancer)      Turns: 1918, Time: 00:20:26

Health: 0/33       AC:  3    Str: 12    XL:     4   Next: 48%
Magic:  6/6        EV: 11    Int: 10    God:
Gold:   148        SH:  0    Dex:  9    Spells: 5/7 levels left

rFire    . . .     SeeInvis .     - Unarmed
rCold    + . .     Gourm    .   (no shield)
rNeg     + + +     Faith    .   m - +0 ring mail
rPois    ∞         Spirit   .   (no helmet)
rElec    .         Reflect  .   (no cloak)
rCorr    .         Harm     .   r - +0 pair of gloves
MR       .....                  (no boots)
Stlth    +.........             (no amulet)
Regen    0.0/turn               v - -3 ring of protection (curse)
MPRegen  0.1/turn               (no ring)

@: rotting
A: rotting body, claws 1, carnivore 3, cold resistance 1, negative energy
resistance 3, inhibited regeneration, torment resistance, unbreathing
a: no special abilities


You were on level 5 of the Dungeon.
You were not hungry.

You visited 1 branch of the dungeon, and saw 5 of its levels.

You collected 148 gold pieces.

Inventory:

Armour
 a - a +0 robe
 e - a +0 leather armour
 m - a +0 ring mail (worn)
 p - a +0 robe
 r - a +0 pair of gloves (worn)
Jewellery
 v - a cursed -3 ring of protection (left hand)
Scrolls
 f - a scroll of magic mapping {unknown}
 h - a scroll of amnesia {unknown}
 i - 4 scrolls of remove curse {unknown}
 j - 3 scrolls of teleportation {unknown}
 l - a scroll of identify {unknown}
 s - a scroll of immolation {unknown}
 u - a scroll of enchant armour {unknown}
Potions
 d - 2 potions of curing {unknown}
 g - a potion of magic {unknown}
 k - 2 potions of lignification {unknown}
 n - a potion of might {unknown}
 o - a potion of ambrosia {unknown}
 q - a potion of brilliance {unknown}
 t - a potion of degeneration {unknown}
Books
 b - a book of Necromancy

   Spells                             Type                      Level
   a - Pain                           Necromancy                   1
   b - Animate Skeleton               Necromancy                   1
   c - Vampiric Draining              Necromancy                   3
   d - Regeneration                   Charms/Necromancy            3
   e - Animate Dead                   Necromancy                   4
   f - Control Undead                 Necromancy                   4


   Skills:
 + Level 1.4 Armour
 + Level 2.4 Dodging
 + Level 2.5 Stealth
 + Level 1.0 Unarmed Combat
 + Level 2.0 Spellcasting
 + Level 4.5 Necromancy


You had 5 spell levels left.
You knew the following spells:

 Your Spells              Type           Power        Failure   Level  Hunger
a - Pain                  Necr           ##..         11%         1    ##.....
b - Animate Skeleton      Necr           N/A          11%         1    ##.....


Dungeon Overview and Level Annotations

Branches:
Dungeon (5/15)
 Temple: D:4-7

Altars:
Elyvilon
Nemelex Xobeh
Uskayaw
Vehumet
Xom
The Shining One


Innate Abilities, Weirdness & Mutations

Your body is rotting away.
You thrive on raw meat.
You are immune to poison.
You have sharp fingernails.
You are carnivorous and can eat meat at any time.
Your flesh is cold resistant. (rC+)
You are immune to negative energy. (rN+++)
You do not regenerate when monsters are visible.
You are immune to unholy pain and torment.
You can survive without breathing.


Message History

* * * LOW HITPOINT WARNING * * *
You closely miss the orc. The orc hits you with a club.
* * * LOW HITPOINT WARNING * * *
The orc hits you with a dagger.
* * * LOW HITPOINT WARNING * * *
You closely miss the orc. The orc completely misses you.
You closely miss the orc. The orc hits you but does no damage.
You barely miss the orc. The orc closely misses you.
You hit the orc but do no damage. The orc barely misses you.
You hit the orc but do no damage. The orc closely misses you.
You hit the orc but do no damage. You closely miss the orc.
The orc barely misses you. The orc hits you but does no damage.
You hit the orc.
The orc is moderately wounded.
The orc hits you but does no damage.
You closely miss the orc. The orc hits you but does no damage.
You closely miss the orc. The orc barely misses you.
The orc hits you with a dagger.
You die...

######### ##########
#.......#######o@.......
..............Yo#.#.#...
..###########.##.## .)#
#.# ## .o# ... ..# .....
..# #.#.##. ..# ....# #.
..# .....# #.


You could see an ice beast and 2 orcs.

Vanquished Creatures
  Jessica (D:3)
  An ooze (D:2)
  A leopard gecko (D:3)
  3 orcs
  A bat (D:3)
  A goblin (D:3)
  2 hobgoblins
  7 jackals
  A quokka (D:3)
  3 ball pythons
  3 frilled lizards
  4 kobolds (D:1)
  A quokka skeleton (D:4)
  2 rats (D:1)
31 creatures vanquished.

Vanquished Creatures (collateral kills)
  An adder (D:2)
  A dart slug (D:2)
  A leopard gecko (D:2)
  A ball python (D:3)
  A giant cockroach (D:3)
  A hobgoblin (D:2)
  A kobold (D:1)
  2 bats (D:1)
  3 frilled lizards
  4 goblins
  3 rats (D:2)
19 creatures vanquished.

Grand Total: 50 creatures vanquished

Notes
Turn   | Place    | Note
-------+----------+-------------------------------------------
     0 | D:1      | Necronhym the Ghoul Necromancer began the quest for the Orb.
     0 | D:1      | Reached XP level 1. HP: 14/14 MP: 2/2
    50 | D:1      | Learned a level 1 spell: Animate Skeleton
   191 | D:1      | Reached XP level 2. HP: 20/20 MP: 3/3
   462 | D:2      | Noticed a dagger
   462 | D:2      | Noticed a dagger
   463 | D:2      | Found a hide-covered altar of Uskayaw.
   565 | D:2      | Found a white marble altar of Elyvilon.
   578 | D:2      | Reached XP level 3. HP: 10/26 MP: 4/4
   668 | D:2      | Found a sparkling altar of Nemelex Xobeh.
   714 | D:3      | Noticed Jessica
   746 | D:3      | Killed Jessica
   746 | D:3      | Reached skill level 1 in Armour
   746 | D:3      | Reached XP level 4. HP: 7/33 MP: 4/6
   797 | D:3      | Found a radiant altar of Vehumet.
   944 | D:3      | Found a glowing golden altar of the Shining One.
  1074 | D:3      | Found a shimmering altar of Xom.
  1323 | D:4      | Noticed an ogre
  1804 | D:4      | Reached skill level 1 in Unarmed Combat
  1871 | D:5      | Entered Level 5 of the Dungeon
  1874 | D:5      | Noticed an ice beast
  1918 | D:5      | Slain by an orc

Skill      XL: |  1  2  3  4 |
---------------+-------------+-----
Dodging        | 2 |  2.4
Armour         | 1 |  1.4
Spellcasting   | 2 |  2.0
Unarmed Combat | 1 |  1.0
Stealth        | |  2.5
Necromancy     | |  4.5

Action                   |  1- 3 |  4- 6 || total
-------------------------+-------+-------++-------
Melee: Unarmed           |    76 |   124 ||   200
       Punch             |       |     1 ||     1
 Cast: Animate Skeleton  |    12 |     9 ||    21
  Eat: Chunk             |    18 |     8 ||    26
       Meat ration       |       |     4 ||     4
       Royal jelly       |       |     1 ||     1
Armor: Leather armour    |    30 |    10 ||    40
       Ring mail         |       |    40 ||    40
Dodge: Dodged            |    85 |   104 ||   189
